 Dungeon Crawl Stone Soup version 0.27-a0-988-g25969acef8 (webtiles) character file.

Game seed: 8630368736017449410

784 robertstho the Covered (level 7, -4/94 HPs)
             Began as a Minotaur Abyssal Knight on Apr 15, 2021.
             Was a Priest of Lugonu.
             Killed from afar by a steam dragon (19 damage)
             ... with a ball of steam
             ... on level 5 of the Dungeon.
             The game lasted 00:05:10 (5037 turns).

robertstho the Covered (Minotaur Abyssal Knight)    Turns: 5037, Time: 00:05:11

Health: -4/94      AC: 10    Str: 19    XL:     7   Next: 55%
Magic:  17/17      EV:  8    Int:  9    God:    Lugonu [***...]
Gold:   141        SH:  0    Dex:  9    Spells: 6/6 levels left

rFire    . . .     SeeInvis +   o - +0 war axe
rCold    . . .     Faith    .   (no shield)
rNeg     . . .     Spirit   .   c - +0 chain mail {rPois}
rPois    +         Reflect  .   (helmet restricted)
rElec    .         Harm     .   (no cloak)
rCorr    .         Rampage  .   (no gloves)
Will     .....                  (no boots)
Stlth    ..........             (no amulet)
HPRegen  0.25/turn              d - ring of magical power
MPRegen  0.15/turn              q - ring of see invisible

@: berserking, very quick
A: horns 2, retaliatory headbutt
a: Renounce Religion, Depart the Abyss, Bend Space, Banish


You were on level 5 of the Dungeon.
You worshipped Lugonu.
Lugonu was most pleased with you.
You visited 1 branch of the dungeon, and saw 5 of its levels.
You visited the Abyss 1 time.

You collected 141 gold pieces.

Inventory:

Hand Weapons
 o - a +0 war axe (weapon)
Armour
 c - a +0 chain mail of poison resistance (worn)
Jewellery
 d - a ring of magical power (left hand)
 q - a ring of see invisible (right hand)
Wands
 r - a wand of digging (8)
Scrolls
 e - a scroll of enchant armour {unknown}
 f - a scroll of silence
 g - a scroll of immolation {unknown}
 h - a scroll of blinking {unknown}
 i - a scroll of teleportation {unknown}
 k - a scroll of torment {unknown}
 l - a scroll of fear {unknown}
 n - a scroll of magic mapping {unknown}
Potions
 a - a potion of ambrosia {unknown}
 b - a potion of mutation
 m - a potion of flight {unknown}
 p - a potion of curing {unknown}


   Skills:
 * Level 6.1 Fighting
 + Level 5.2 Axes
 * Level 6.6 Armour
 + Level 1.9 Dodging
 * Level 3.5 Invocations


You had 6 spell levels left.
You didn't know any spells.
Your spell library contained the following spells:

 Spells                   Type           Power      Damage    Failure   Level
 Animate Skeleton         Necr           0%         N/A       98%         1
 Corona                   Hex            0%         N/A       98%         1
 Pain                     Necr           0%         1d4       98%         1
 Ensorcelled Hibernation  Hex/Ice        0%         N/A       99%         2
 Confusing Touch          Hex            0%         N/A       100%        3
 Dazzling Flash           Conj/Hex       0%         N/A       100%        3
 Tukima's Dance           Hex            0%         N/A       100%        3
 Vampiric Draining        Necr           0%         2d6       100%        3
 Animate Dead             Necr           0%         N/A       100%        4
 Agony                    Necr           0%         N/A       100%        5


Dungeon Overview and Level Annotations

Branches:
Dungeon (5/15)             Temple (0/1) D:4

Altars:
Cheibriados
Elyvilon
Sif Muna
Trog
Wu Jian
Xom
Yredelemnul
The Shining One

Shops:
D:4 *


Innate Abilities, Weirdness & Mutations

You have a pair of horns on your head.
You reflexively headbutt those who attack you in melee.


Message History

You hit the steam dragon but do no damage.
The steam dragon is moderately wounded.
You slash the fungus! You slash the steam dragon! The steam dragon bites you.
The steam dragon claws you but does no damage.
The steam dragon breathes steam at you. The ball of steam hits you!
Unknown command.
You slash the steam dragon!
The steam dragon is severely wounded.
You completely miss the fungus. You hit the steam dragon.
You are engulfed in a cloud of scalding steam.
A nearby fungus withers and dies.
The fungus is engulfed in a cloud of scalding steam.
The fungus begins to die.
The steam dragon bites you but does no damage.
The steam dragon claws you but does no damage.
The steam dragon bites you but does no damage.
The steam dragon claws you but does no damage.
You barely miss the steam dragon.
The steam dragon is severely wounded.
You hit the steam dragon.
You are engulfed in a cloud of scalding steam.
The fungus is engulfed in a cloud of scalding steam.
The fungus begins to die.
The steam dragon barely misses you.
The steam dragon claws you but does no damage.
The steam dragon bites you.
The steam dragon claws you but does no damage.
The steam dragon bites you.
* * * LOW HITPOINT WARNING * * *
The steam dragon claws you but does no damage.
A nearby fungus withers and dies.
The steam dragon bites you!
* * * LOW HITPOINT WARNING * * *
The steam dragon claws you.
* * * LOW HITPOINT WARNING * * *
A red film seems to cover your vision as you go berserk!
You feel yourself moving faster!
You feel mighty!
A nearby fungus withers and dies.
The steam dragon breathes steam at you. The ball of steam hits you!!
You die...

....# ............##
...## ####..........##
...# ###^..##...........
...# #PP...≈##..........
.#.##
#####≈....≈P#..........
###.##
#..#≈^....≈P##........#
#..##
##..#.P....≈P#####..####
##..# #...##P...P^#
#..####
##.####....#≈@D.≈#
##.....
#..##.....##.D≈## #...##
##..#......#...# #..##
##........#§..# ##
##..## ##.......#P..#
#.####..## #.......#..§#
#....#.... ##......#P.P#
#.....)## #......##.≈#
#.....## #.......#.P#
##.†.##


You could see 2 steam dragons.

Vanquished Creatures
  A black bear (D:4)
  4 scorpions
  2 water moccasin zombies (D:5)
  A centaur zombie (D:4)
  A bullfrog skeleton (D:5)
  An iguana (D:4)
  An orc wizard (D:5)
  3 gnolls (D:5)
  9 adders
  A white imp (D:5)
  An ufetubus (D:5)
  2 worms
  A dart slug (D:1)
  8 orcs
  7 bats
  5 endoplasms (D:2)
  5 giant cockroaches
  6 goblins
  4 hobgoblins
  5 jackals
  9 kobolds
  5 quokkas
  3 ball pythons
  4 frilled lizards
  6 rats
95 creatures vanquished.

Vanquished Creatures (others)
  3 fungi (D:5)
3 creatures vanquished.

Grand Total: 98 creatures vanquished

Notes
Turn   | Place    | Note
-------+----------+-------------------------------------------
     0 | Abyss:1  | robertstho the Minotaur Abyssal Knight began the quest for
                  | the Orb.
     0 | Abyss:1  | Reached XP level 1. HP: 19/19 MP: 1/1
     1 | Abyss:1  | Found a corrupted altar of Lugonu.
    48 | Abyss:1  | Noticed a large abomination
    49 | D:1      | Escaped the Abyss
   309 | D:1      | Reached XP level 2. HP: 26/27 MP: 2/2
   398 | D:1      | Reached * piety under Lugonu
   633 | D:1      | Reached XP level 3. HP: 32/34 MP: 3/3
  1177 | D:2      | Found a faded altar of an unknown god.
  1226 | D:2      | Reached XP level 4. HP: 41/41 MP: 4/4
  1248 | D:2      | Reached ** piety under Lugonu
  1646 | D:3      | Found a white marble altar of Elyvilon.
  1962 | D:3      | Found a snail-covered altar of Cheibriados.
  2015 | D:3      | Reached skill level 5 in Fighting
  2444 | D:4      | Noticed a scorpion
  2461 | D:4      | Killed a scorpion
  2462 | D:4      | Reached XP level 5. HP: 18/48 MP: 6/6
  2658 | D:4      | Found Esiete's Lightly-Used Armoury.
  2947 | D:4      | Reached skill level 5 in Armour
  2947 | D:4      | Reached XP level 6. HP: 36/56 MP: 7/7
  3126 | D:4      | Found a basalt altar of Yredelemnul.
  3354 | D:4      | Found a staircase to the Ecumenical Temple.
  3648 | D:4      | Found a glowing golden altar of the Shining One.
  3670 | D:4      | Found a shimmering blue altar of Sif Muna.
  3757 | D:4      | Found a bloodstained altar of Trog.
  3943 | D:5      | Entered Level 5 of the Dungeon
  3943 | D:5      | Found a shimmering altar of Xom.
  3951 | D:5      | Found a shimmering altar of Xom.
  3967 | D:5      | Reached XP level 7. HP: 49/62 MP: 8/8
  4274 | D:5      | Found an ornate altar of the Wu Jian Council.
  4354 | D:5      | Found a shimmering altar of Xom.
  4359 | D:5      | Found a shimmering altar of Xom.
  4359 | D:5      | Found a shimmering altar of Xom.
  4359 | D:5      | Found a shimmering altar of Xom.
  4359 | D:5      | Found a shimmering altar of Xom.
  4392 | D:5      | Reached skill level 5 in Axes
  4705 | D:5      | Reached *** piety under Lugonu
  5026 | D:5      | Noticed a steam dragon
  5027 | D:5      | Noticed a steam dragon
  5037 | D:5      | Killed from afar by a steam dragon

Illustrated notes

Levels and vault maps discovered:
D:1:      doesnt_arrival_eight_statues, layout_basic
D:2:      minmay_angry_zag, layout_rooms, serial_forest,
          infiniplex_forest_lined_2, chequers_ecumenical_altar_island,
          chequers_serial_rivers_micro_c, minmay_tiny_reverse_x
D:3:      layout_rooms, elyvilon_altar_5, cheibrodos_worm_habitat,
          serial_corexii_hall, chequers_hall_statues_corner_a,
          corexii_hall_statues_i, chequers_hall_statues_y,
          corexii_hall_statues_i, kennysheep_small_spiral
D:4:      layout_basic, kennysheep_mini_moat, led_sif_book,
          nicolae_overflow_crystal_walls, kennysheep_mini,
          minmay_temple_entry_stoned_glass, chequers_serial_rivers_small_b,
          minmay_shop_damaged
D:5:      kennysheep_steamy, layout_cave_pods, pdpol_wu_jian_five_deadly_venoms,
          xom_redecorated

Skill      XL: |  1  2  3  4  5  6  7 |
---------------+----------------------+-----
Fighting       | 4 5 6 |  6.1
Axes           | 3 4 5 |  5.2
Invocations    | 2 3 |  3.5
Armour         | 3 5 6 |  6.6
Dodging        | |  1.9

Action                   |  1- 3 |  4- 6 |  7- 9 || total
-------------------------+-------+-------+-------++-------
Melee: Hand axe          |    87 |   172 |    18 ||   277
       Headbutt          |     9 |    19 |    11 ||    39
       War axe           |       |       |    39 ||    39
Invok: Depart the Abyss  |     1 |       |       ||     1
       Bend Space        |       |     1 |       ||     1
  Use: Scroll            |     3 |     1 |       ||     4
       Potion            |       |     1 |     1 ||     2
Armor: Leather armour    |    17 |       |       ||    17
       Scale mail        |    28 |     5 |       ||    33
       Chain mail        |       |   112 |    46 ||   158
Dodge: Dodged            |    50 |    72 |    27 ||   149

Table legend: (Time is in decaauts)
 A = Elapsed time spent in this place.
 B = Non-inter-level travel time spent in this place.
 C = Inter-level travel time spent in this place.
 D = Time resting spent in this place.
 E = Time spent auto-exploring this place.
 F = Levels seen in this place.
 G = Mean time per level.
                   A        B        C        D        E       F      G
               +--------+--------+--------+--------+--------+-----+--------+
         Total |   5111 |   5025 |     86 |    319 |   3978 |   6 |  851.8 |
       Dungeon |   5062 |   4976 |     86 |    319 |   3931 |   5 | 1012.4 |
         Abyss |     49 |     49 |      0 |      0 |     47 |   1 |   49.0 |
               +--------+--------+--------+--------+--------+-----+--------+

Top non-repeatable levels by time:
     D:4: 1691 daAuts
     D:5: 1106 daAuts
     D:1: 939 daAuts
     D:3: 666 daAuts
     D:2: 658 daAuts
 Abyss:1: 49 daAuts
